 Dungeon Crawl Stone Soup version 0.31-a0-182-gc5ef74bbde (webtiles) character file.

Game seed: 9963106809698861328

20 qw the Shield-Bearer (level 2, -3/19 HPs)
             Began as a Gargoyle Fighter on June 21, 2023.
             Slain by a goblin
             ... wielding a +0 dagger
             ... led by Robin
              (4 damage)
             ... on level 3 of the Dungeon.
             The game lasted 00:00:23 (926 turns).

qw the Shield-Bearer (Gargoyle Fighter)              Turns: 926, Time: 00:00:24

Health: -3/19      AC: 11    Str: 19    XL:     2   Next: 79%
Magic:  2/2        EV:  9    Int:  8    God:
Gold:   91         SH:  4    Dex: 12    Spells: 1/1 levels left

rFire   . . .        Y - +0 war axe
rCold   . . .        c - +0 buckler
rNeg    + . .        b - +0 scale mail
rPois   inf          (no helmet)
rElec   +            (no cloak)
rCorr   .            a - +1 pair of gloves {Dex+3}
SInv    .            (no boots)
Will    .....        (no amulet) Stlth
                     (no ring)
HPRegen 0.23/turn    (no ring)
MPRegen 0.08/turn

%: no passive effects
@: about to teleport
A: sickness immunity, AC +2, negative energy resistance 1, electricity
resistance, torment resistance 1, petrification resistance
a: no special abilities


You were on level 3 of the Dungeon.
You visited 1 branch of the dungeon, and saw 3 of its levels.

You collected 91 gold pieces.


Innate Abilities, Weirdness & Mutations

You are immune to sickness and miasma.
Your stone body is resilient. (AC +2)
You are immune to poison.
You resist negative energy. (rN+)
You are resistant to electric shocks. (rElec)
You are resistant to unholy torment.
You are immune to petrification.


   Skills:
 - Level 3.2 Fighting
 + Level 2.9 Axes
 - Level 3.2 Armour
 - Level 3.2 Shields


You had one spell level left.
You didn't know any spells.
Your spell library was empty.

Inventory:

Hand Weapons
 k - a +0 whip
 Y - a +0 war axe (weapon)
Armour
 a - a +1 pair of gloves of dexterity (worn)
 b - a +0 scale mail (worn)
 c - a +0 buckler (worn)
Jewellery
 j - a ring of ice
Scrolls
 e - a scroll of vulnerability {unknown}
Potions
 d - a potion of might
 h - a potion of heal wounds {unknown}
 i - a potion of attraction {unknown}

Dungeon Overview and Level Annotations

Branches:
Dungeon (3/15)

Altars:

Shops:
D:1 (

Annotations:
D:3 Robin


Message History

The adder barely misses you.
You closely miss the adder.
The adder is moderately wounded.
You closely miss the goblin. The goblin hits you with a +0 club.
The adder closely misses you.
Robin roars a battlecry!
The goblin hits you with a +0 club. The adder misses you.
You hear a shout!
You closely miss the adder.
The adder is lightly wounded.
You slash the goblin!
You kill the goblin!
The adder barely misses you.
Robin points. "Kill!"
Robin drinks a potion.
Robin suddenly seems more resistant.
The adder bites you but does no damage.
You hit the adder but do no damage.
The adder is lightly wounded.
A hobgoblin comes into view.
The adder closely misses you. The adder bites you but does no damage.
You closely miss the adder.
The adder is lightly wounded.
The hobgoblin shouts!
You hear a shout!
The adder bites you but does no damage.
A goblin comes into view. It is wielding a +0 dagger.
A hobgoblin comes into view.
You block the adder's attack.
You hit the adder.
The adder is severely wounded.
Robin throws the goblin at you! The goblin hits you but does no damage.
The adder completely misses you. The goblin hits you with a +0 dagger.
A goblin comes into view. It is wielding a +0 club.
926 ||| READING scroll of teleportation.
As you read the scroll of teleportation, it crumbles to dust.
You feel strangely unstable.
The goblin no longer looks unusually strong.
The adder bites you but does no damage. The adder bites you.
A goblin comes into view. It is wielding a +0 dagger.
The goblin hits you with a +0 dagger.
You die...

# ... ###########gg...
######......g@Sgggggg
##.....%.########gg...
#..#####.## ... #(##
#..# . #.#### ####
#....### #..)...###
##.......##
####.....##


You could see Robin (resistant), an adder, 2 hobgoblins and 8 goblins.

Vanquished Creatures
  2 dart slugs (D:1)
  2 goblins
  2 hobgoblins
  2 kobolds
  3 ball pythons
  2 bats (D:1)
  A frilled lizard (D:1)
  3 rats
17 creatures vanquished.

Notes
Turn   | Place    | Note
-------+----------+-------------------------------------------
     0 | D:1      | qw the Gargoyle Fighter began the quest for the Orb.
     0 | D:1      | Reached XP level 1. HP: 14/14 MP: 1/1
     0 | D:1      | 0 ||| qw: Version: 0.3-a-9-g12657ce
     0 | D:1      | 0 ||| qw: Game counter: 1564
     0 | D:1      | 0 ||| qw: Always use a shield: true
     0 | D:1      | 0 ||| qw: God list: Okawaru
     0 | D:1      | 0 ||| qw: Allow faded altars: false
     0 | D:1      | 0 ||| qw: Do Orc after D:15 true
     0 | D:1      | 0 ||| qw: Do second Lair branch before Depths: true
     0 | D:1      | 0 ||| qw: Lair rune preference: random
     0 | D:1      | 0 ||| qw: Plans: Normal, Zot:1-4, Slime:5, God:TSO, Crypt,
                  | Tomb, Abyss, Pan, Hells, Win
     0 | D:1      | 0 ||| PLANNING D:1-11
    28 | D:1      | 28 ||| Stepping ~*~*~tactically~*~*~ (hiding).
   147 | D:1      | Found Barghazalu's Weapon Emporium.
   154 | D:1      | 154 ||| SHOPLISTING +0 club (11 gold, have 0).
   223 | D:1      | Reached XP level 2. HP: 19/19 MP: 2/2
   584 | D:1      | 584 ||| FLEEEEING.
   737 | D:1      | 737 ||| DROPPING +6 ring of intelligence.
   738 | D:1      | 738 ||| READING scroll labelled KOIFOE TAMN.
   739 | D:1      | 739 ||| READING 2 scrolls labelled UNKOXA APTAUSI.
   743 | D:1      | 743 ||| READING scroll labelled DUAPOI WIBEARUKO.
   743 | D:1      | Identified a scroll of acquirement
   743 | D:1      | 743 ||| ACQUIRING +1 pair of gloves of dexterity
   743 | D:1      | Acquired a +1 pair of gloves of dexterity
   745 | D:1      | 745 ||| UPGRADING to +1 pair of gloves of dexterity.
   814 | D:2      | 814 ||| Stepping ~*~*~tactically~*~*~ (stealth).
   860 | D:2      | You fall into a shaft and drop 1 floor!
   880 | D:3      | 880 ||| DROPPING +0 club.
   915 | D:3      | Noticed Robin
   925 | D:3      | HP: 3/19 [goblin/+0 dagger[Robin] (3)]
   926 | D:3      | 926 ||| READING scroll of teleportation.
   926 | D:3      | HP: 1/19 [adder (2)]
   926 | D:3      | Slain by a goblin

Levels and vault maps discovered:
D:1:      dpeg_arrival_round_a, layout_basic, serial_shops,
          nicolae_shop_bloodbath_and_beyond
D:2:      layout_loops_ring, serial_shops, shop,
          shapermc_ecumenical_altar_acropolis, serial_aquarium,
          aquarium_bridge_straight [aquarium_subvault_bridge,
          aquarium_subvault_window, aquarium_subvault_bridge,
          aquarium_subvault_wall], aquarium_window_1,
          aquarium_window_corridor_2, aquarium_view_2a
D:3:      minmay_spotlight, layout_rooms, serial_curves, eino_curves_01,
          eino_curves_03, nrook_mini_backslash, uniq_robin, uniq_ijyb

Skill      XL: |  1 |
---------------+----+-----
Axes           | 2 |  2.9
Fighting       | |  3.2
Armour         | |  3.2
Shields        | |  3.2

Action                     || total
---------------------------++-------
  Melee: War axe           ||    51
    Use: Scroll            ||     4
 Armour: Scale mail        ||    35
  Dodge: Dodged            ||    30
  Block: Buckler           ||     7

Table legend:
 A = Non-vault XP
 B = Vault XP
 C = Vault XP percentage of total XP
 D = Non-vault monster count
 E = Vault monster count
 F = Vault count percentage of total count
                 A         B        C        D         E       F
            +---------+---------+-------+---------+---------+-------
      Total |      27 |       2 |   6.9 |      16 |       1 |   5.9
            +---------+---------+-------+---------+---------+-------
        D:1 |      21 |       0 |   0.0 |      11 |       0 |   0.0
        D:2 |       5 |       0 |   0.0 |       4 |       0 |   0.0
        D:3 |       1 |       2 |  66.7 |       1 |       1 |  50.0
            +---------+---------+-------+---------+---------+-------
